 Dungeon Crawl Stone Soup version 0.29.1-2-gbd0b4ee654 (webtiles) character file.

Game seed: 6989345168912131872

56 GorkyZ the Chopper (level 3, -4/22 HPs)
             Began as a Gargoyle Gladiator on Nov 23, 2022.
             Slain by Crazy Yiuf
             ... wielding a +4 quarterstaff of chaos
              (5 damage)
             ... on level 2 of the Dungeon.
             The game lasted 00:03:27 (1988 turns).

GorkyZ the Chopper (Gargoyle Gladiator)             Turns: 1988, Time: 00:03:27

Health: -4/22      AC:  7    Str: 19    XL:     3   Next: 95%
Magic:  3/3        EV: 12    Int:  8    God:
Gold:   88         SH:  0    Dex: 11    Spells: 2/2 levels left

rFire   . . .      SeeInvis .   a - +0 war axe
rCold   . . .      Faith    .   (no shield)
rNeg    + . .      Spirit   .   b - +0 leather armour
rPois   ∞          Reflect  .   c - +0 helmet
rElec   +          Harm     .   (no cloak)
rCorr   .          Rampage  .   (no gloves)
Will    .....                   (no boots)
Stlth   +.........              (no amulet)
HPRegen 0.07/turn               (no ring)
MPRegen 0.08/turn               (no ring)

@: invisible
A: sickness immunity, AC +3, negative energy resistance 1, electricity
resistance, torment resistance 1, petrification resistance
a: no special abilities


You were on level 2 of the Dungeon.
You visited 1 branch of the dungeon, and saw 2 of its levels.

You collected 88 gold pieces.

Inventory:

Hand Weapons
 a - a +0 war axe (weapon)
Missiles
 d - 3 throwing nets
 e - a javelin
 f - 22 stones (quivered)
 l - 4 silver javelins
 q - 4 boomerangs
Armour
 b - a +0 leather armour (worn)
 c - a +0 helmet (worn)
Jewellery
 i - a ring of ice
 p - a ring of magical power
 u - a ring of willpower
Scrolls
 j - a scroll of amnesia {unknown}
 k - 5 scrolls of identify {unknown}
 m - a scroll of silence {unknown}
 o - a scroll of immolation {unknown}
 r - a scroll of acquirement {unknown}
 w - a scroll of blinking {unknown}
Potions
 g - 3 potions of curing {unknown}
 h - 2 potions of haste {unknown}
 n - a potion of lignification {unknown}
 s - a potion of attraction {unknown}
 t - a potion of resistance {unknown}
 v - a potion of magic {unknown}


   Skills:
 + Level 2.6 Fighting
 + Level 3.0 Axes
 + Level 2.1 Throwing
 + Level 0.9 Armour
 + Level 2.6 Dodging
 + Level 1.0 Shields
 + Level 0.7 Fire Magic
 + Level 0.7 Evocations


You had 2 spell levels left.
You didn't know any spells.
Your spell library was empty.

Dungeon Overview and Level Annotations

Branches:
Dungeon (2/15)

Altars:

Annotations:
D:2 Crazy Yiuf


Innate Abilities, Weirdness & Mutations

You are immune to sickness and miasma.
Your stone body is resilient. (AC +3)
You are immune to poison.
You resist negative energy. (rN+)
You are resistant to electric shocks. (rElec)
You are resistant to unholy torment.
You are immune to petrification.


Message History

No target in view!
No target in view!
No target in view!
No target in view!
No target in view!
No target in view!
No target in view!
No target in view!
No target in view!
No target in view!
f - 15 stones (gained 4)
Things that are here:
a +0 dagger; a kobold corpse
t - a fizzy red potion
u - a ring of willpower You now have 88 gold pieces (gained 14).
v - a blue potion
f - 22 stones (gained 7)
w - a scroll labelled REQICI VUNUL
There is a stone staircase leading up here.
There is a stone staircase leading down here.
Crazy Yiuf shouts!
Could not explore, unopened runed door.
You open the door. You completely miss Crazy Yiuf.
Your punch misses Crazy Yiuf.
Crazy Yiuf hits you with a +4 quarterstaff of chaos.
Crazy Yiuf cries, "Pitchfork cloud mumblescurry!"
Crazy Yiuf hits you with a +4 quarterstaff of chaos!
Ouch! That really hurt!
Crazy Yiuf burns you.
* * * LOW HITPOINT WARNING * * *
You slash Crazy Yiuf!
Crazy Yiuf is severely wounded.
Crazy Yiuf hits you with a +4 quarterstaff of chaos.
* * * LOW HITPOINT WARNING * * *
You fade into invisibility!
You hit Crazy Yiuf but do no damage.
Crazy Yiuf is severely wounded.
Crazy Yiuf hits you with a +4 quarterstaff of chaos.
You die...

##.......# ##.......#
...).....# #..⌠...⌠.#
##### #........#
#)..# #...._...#
#...# #........# ...
.....⌠.⌠## #g#
.#....### ♣@♣♣
.##..## ♣♣.♣
.##...### ♣.♣♣
.##.....# ♣♣.♣
..####..# ♣♣.♣♣
........# ♣♣...♣
..####.## ♣....♣
..####.#### #....#
#.........######..###


You could see Crazy Yiuf (unable to see you).

Vanquished Creatures
  2 adders (D:2)
  A dart slug (D:1)
  3 bats
  4 endoplasms
  A giant cockroach (D:1)
  4 goblins
  4 hobgoblins
  A quokka (D:1)
  5 ball pythons (D:1)
  2 frilled lizards
  5 kobolds
  2 rats (D:1)
34 creatures vanquished.

Notes
Turn   | Place    | Note
-------+----------+-------------------------------------------
     0 | D:1      | GorkyZ the Gargoyle Gladiator began the quest for the Orb.
     0 | D:1      | Reached XP level 1. HP: 12/12 MP: 1/1
   198 | D:1      | Reached XP level 2. HP: 17/17 MP: 2/2
  1014 | D:1      | Reached XP level 3. HP: 22/22 MP: 3/3
  1532 | D:2      | Reached skill level 3 in Axes
  1532 | D:2      | Reached skill level 1 in Shields
  1597 | D:2      | Found a runed translucent door.
  1598 | D:2      | Noticed Crazy Yiuf
  1626 | D:2      | Found a faded altar of an unknown god.
  1987 | D:2      | HP: 1/22 [Crazy Yiuf/+4 quarterstaff of chaos (5)]
  1988 | D:2      | Slain by Crazy Yiuf

Illustrated notes

Levels and vault maps discovered:
D:1:      minmay_arrival_hallway, layout_basic
D:2:      layout_rooms, hellmonk_ecumenical_altar_run_dry,
          uniq_crazy_yiuf_cottage

Skill      XL: |  1  2  3 |
---------------+----------+-----
Throwing       | 2 |  2.1
Axes           | 3 |  3.0
Shields        | 1 |  1.0
Fighting       | |  2.6
Armour         | |  0.9
Dodging        | |  2.6
Fire Magic     | |  0.7
Evocations     | |  0.7

Action                   || total
-------------------------++-------
Melee: War axe           ||   113
Throw: Stone             ||     5
Armor: Leather armour    ||    55
Dodge: Dodged            ||    87
